 Dungeon Crawl Stone Soup version 0.25-a0-71-ge910a4a285 (webtiles) character file.

Game seed: 15734988206472461272, levelgen mode: deterministic

121 Crag the Vandal (level 5, -1/35 HPs)
             Began as a Halfling Hunter on Nov 3, 2019.
             Was a Follower of Cheibriados.
             Slain by Terence
             ... wielding a +0 hand axe
              (4 damage)
             ... on level 3 of the Dungeon.
             The game lasted 00:09:28 (2678 turns).

Crag the Vandal (Halfling Hunter)                   Turns: 2678, Time: 00:09:29

Health: -1/35      AC:  3    Str: 15    XL:     5   Next: 26%
Magic:  3/5        EV: 16    Int: 12    God:    Cheibriados [*.....]
Gold:   120        SH:  0    Dex: 17    Spells: 4/4 levels left

rFire    . . .     SeeInvis .   b - +0 short sword
rCold    . . .     Gourm    .   (shield restricted)
rNeg     . . .     Faith    .   c - +0 leather armour
rPois    .         Spirit   .   (no helmet)
rElec    .         Reflect  .   (no cloak)
rCorr    .         Harm     .   (no gloves)
MR       .....                  (no boots)
Stlth    ++........             (no amulet)
HPRegen  0.11/turn              (no ring)
MPRegen  0.09/turn              (no ring)

@: very slow
A: small, mutation resistance 1
a: Bend Time, Renounce Religion


You were on level 3 of the Dungeon.
You worshipped Cheibriados.
Cheibriados was aware of your devotion.
You were not hungry.

You visited 1 branch of the dungeon, and saw 3 of its levels.

You collected 120 gold pieces.

Inventory:

Hand Weapons
 a - a +1 hunting sling
 b - a +0 short sword (weapon)
 k - a +0 short sword
 o - a +0 spear
Missiles
 d - 14 sling bullets
 e - 90 stones (quivered)
Armour
 c - a +0 leather armour (worn)
Scrolls
 g - a scroll of teleportation
 i - a scroll of identify
 l - a scroll of immolation {unknown}
 p - a scroll of fog {unknown}
 q - a scroll of fear
Potions
 h - a potion of flight {unknown}
 n - a potion of magic {unknown}
Comestibles
 f - 7 rations


   Skills:
 + Level 2.7 Fighting
 + Level 6.8 Slings
 + Level 3.3 Dodging
 + Level 2.7 Stealth


You had 4 spell levels left.
You didn't know any spells.
Your spell library was empty.

Dungeon Overview and Level Annotations

Branches:
Dungeon (3/15)

Altars:
Cheibriados
Dithmenos
The Shining One

Annotations:
D:3 Terence


Innate Abilities, Weirdness & Mutations

You are small and have problems with some larger weapons.
You are somewhat resistant to further mutation.


Message History

You hit Terence but do no damage.
Terence is severely wounded.
Terence barely misses you.
You hit Terence but do no damage.
Terence is severely wounded.
Terence barely misses you.
You completely miss Terence.
Terence is severely wounded.
Terence misses you.
You hit Terence but do no damage.
Terence is severely wounded.
Terence completely misses you.
You barely miss Terence.
Terence is severely wounded.
Terence hits you with a +0 hand axe.
* * * LOW HITPOINT WARNING * * *
You closely miss Terence.
Terence is severely wounded.
Terence hits you with a +0 hand axe.
You die...

......!.# ....(#..#.(
..#....#..# ....!#...#
#....# #..([ #..####
#....... ##@....##
#....... ##.@#
..####....$..
#####..#####..##........
#.....###...............
#..###...†.....###.......
#. ##..........##.......
##.........#..........
............#####..#..##
#####.....).#####.......
......>..........#####


You could see Terence.

Vanquished Creatures
  An orc priest (D:3)
  Jessica (D:2)
  2 adders
  A worm (D:2)
  A dart slug (D:3)
  4 orcs (D:3)
  2 ball pythons
  3 bats
  A giant cockroach (D:2)
  2 hobgoblins
  2 jackals (D:2)
  A frilled lizard (D:1)
  9 goblins
  5 kobolds
  5 rats
40 creatures vanquished.

Notes
Turn   | Place    | Note
-------+----------+-------------------------------------------
     0 | D:1      | Crag the Halfling Hunter began the quest for the Orb.
     0 | D:1      | Reached XP level 1. HP: 14/14 MP: 1/1
   111 | D:1      | Reached skill level 6 in Slings
   184 | D:1      | Found a glowing golden altar of the Shining One.
   244 | D:1      | Reached XP level 2. HP: 19/19 MP: 2/2
  1118 | D:2      | Found a snail-covered altar of Cheibriados.
  1123 | D:2      | Became a worshipper of Cheibriados the Contemplative
  1249 | D:2      | Reached XP level 3. HP: 24/24 MP: 3/3
  1656 | D:2      | Noticed Jessica
  1659 | D:2      | Killed Jessica
  1659 | D:2      | Reached XP level 4. HP: 30/30 MP: 4/4
  2099 | D:3      | Reached * piety under Cheibriados
  2102 | D:3      | Found a shadowy altar of Dithmenos.
  2135 | D:3      | Reached XP level 5. HP: 27/35 MP: 5/5
  2622 | D:3      | Noticed Terence
  2678 | D:3      | Slain by Terence

Levels and vault maps discovered:
D:1:      lemuel_arrival_tunnels, layout_basic, tso_metal_star
D:2:      layout_basic, cheibriados_altar_1, serial_bayou_ford_a, dk_vineyard_2,
          uniq_jessica
D:3:      layout_rooms, first_ration, minmay_misc_feat_five,
          nicolae_dithmenos_shadow_blocks, uniq_terence

Skill      XL: |  1  2  3  4 |
---------------+-------------+-----
Slings         | 6 |  6.8
Fighting       | 2 |  2.7
Stealth        | 2 |  2.7
Dodging        | 3 |  3.3

Action                   |  1- 3 |  4- 6 || total
-------------------------+-------+-------++-------
Melee: Short sword       |    51 |    81 ||   132
 Fire: Hunting sling     |    21 |    29 ||    50
Throw: Stone             |     3 |       ||     3
Invok: Bend Time         |       |     1 ||     1
  Use: Scroll            |       |     7 ||     7
 Stab: Sleeping          |     1 |       ||     1
  Eat: Chunk             |     3 |     2 ||     5
Armor: Leather armour    |     7 |    10 ||    17
Dodge: Dodged            |    34 |    55 ||    89

Table legend:
 A = Non-vault XP
 B = Vault XP
 C = Vault XP percentage of total XP
 D = Non-vault monster count
 E = Vault monster count
 F = Vault count percentage of total count
                 A         B        C        D         E       F
            +---------+---------+-------+---------+---------+-------
      Total |     136 |      37 |  21.4 |      39 |       1 |   2.5
            +---------+---------+-------+---------+---------+-------
        D:1 |      16 |       0 |   0.0 |      10 |       0 |   0.0
        D:2 |      43 |      37 |  46.2 |      18 |       1 |   5.3
        D:3 |      77 |       0 |   0.0 |      11 |       0 |   0.0
            +---------+---------+-------+---------+---------+-------
